 Dungeon Crawl Stone Soup version 0.18.1-5-g4a78601 (webtiles) character file.

38 shmeve the Skirmisher (level 3, -5/24 HPs)
             Began as a Gargoyle Berserker on May 14, 2016.
             Was a Believer of Trog.
             Killed from afar by an orc wizard (8 damage)
             ... with a puff of flame
             ... on level 3 of the Dungeon.
             The game lasted 00:03:23 (1654 turns).

shmeve the Skirmisher (Gargoyle Berserker)          Turns: 1654, Time: 00:03:23

Health: -5/24      AC:  5    Str: 21    XL:     3   Next: 43%
Magic:  3/3        EV: 12    Int:  7    God:    Trog [**....]
Gold:   80         SH:  0    Dex:  9    Spells: 0 memorised, 2 levels left

rFire  . . .     SeeInvis .     a - +0 hand axe
rCold  . . .     Gourm    +     b - +0 animal skin
rNeg   + . .     Faith    .     (no shield)
rPois  ∞         Spirit   .     (no helmet)
rElec  +         Dismiss  .     (no cloak)
rCorr  .         Reflect  .     (no gloves)
SustAt .         Harm     .     (no boots)
MR     .....                    j - amulet of the gourmand
Stlth  +.........               (no ring)
                                (no ring)

@: not resistant to hostile enchantments, very unstealthy
A: negative energy resistance 1, electricity resistance, unbreathing,
petrification resistance, rot immunity, AC +3
a: Berserk, Trog's Hand, Burn Spellbooks, Renounce Religion


You were on level 3 of the Dungeon.
You worshipped Trog.
Trog was pleased with you.
You were very full.

You visited 1 branch of the dungeon, and saw 3 of its levels.

You collected 80 gold pieces.

Inventory:

Hand Weapons
 a - a +0 hand axe (weapon)
Armour
 b - a +0 animal skin (worn)
Jewellery
 j - an amulet of the gourmand (around neck)
Scrolls
 e - a scroll of blinking {unknown}
 f - 2 scrolls of identify {unknown}
 k - a scroll of noise {unknown}
 l - a scroll of remove curse {unknown}
 o - 2 scrolls of enchant weapon {unknown}
Potions
 d - 3 potions of agility {unknown}
 h - a potion of brilliance {unknown}
 m - a potion of might {unknown}
 n - a potion of heal wounds {unknown}
Comestibles
 c - 3 bread rations
 g - a meat ration
 i - 5 fruits


   Skills:
 * Level 3.8 Fighting
 * Level 3.1 Axes
 + Level 2.4 Armour
 + Level 2.0 Dodging


You had 2 spell levels left.
You didn't know any spells.

Dungeon Overview and Level Annotations

Branches:
Dungeon (3/15)

Altars:
Kikubaaqudgha


Innate Abilities, Weirdness & Mutations

You are resistant to torment.
Your stone body is resilient (AC +3).
You are immune to poison.
You resist negative energy.
You are resistant to electric shocks.
You can survive without breathing.
You are immune to petrification.
You are immune to rotting.


Message History

You are too injured to fight recklessly!
You closely miss the orc wizard.
The orc wizard is heavily wounded.
You closely miss the bat. The bat hits you but does no damage.
The orc wizard closely misses you.
The orc wizard hits you but does no damage.
You hit the orc wizard.
The orc wizard is almost dead.
The bat hits you but does no damage.
The bat is sucked into a shaft!
The shaft crumbles and collapses.
The orc wizard barely misses you.
Unknown command.
You barely miss the orc wizard.
The orc wizard is almost dead.
The orc wizard barely misses you. The orc wizard misses you.
You closely miss the orc wizard.
The orc wizard is almost dead.
The orc wizard hits you but does no damage.
The orc wizard points at you and mumbles some strange words.
The puff of flame hits you!
You die...

#.# #########.####
#.#####.............
###.......############
...####..# #.####..#
##..§##..#
#.##.!).##..#
....o_o@....#
.##....##.### #...#
#.# ###) #.# # ..# ###


You could see an orc wizard and an orc.

Vanquished Creatures
  An ooze (D:1)
  An orc (D:3)
  4 bats
  2 giant cockroaches (D:1)
  3 goblins
  2 hobgoblins (D:2)
  3 jackals (D:1)
  A ball python (D:1)
  2 giant newts
  10 kobolds
  3 rats (D:1)
32 creatures vanquished.

Notes
Turn   | Place    | Note
--------------------------------------------------------------
     0 | D:1      | shmeve the Gargoyle Berserker began the quest for the Orb.
     0 | D:1      | Reached XP level 1. HP: 14/14 MP: 1/1
   143 | D:1      | Reached XP level 2. HP: 18/19 MP: 2/2
   667 | D:1      | Reached ** piety under Trog
   667 | D:1      | Reached XP level 3. HP: 22/23 MP: 3/3
  1637 | D:3      | Found an ancient bone altar of Kikubaaqudgha.
  1654 | D:3      | Killed from afar by an orc wizard

Skill      XL: |  1  2  3 |
---------------+----------+-----
Axes           | 3 |  3.1
Dodging        | 2 |  2.0
Fighting       | |  3.8
Armour         | |  2.4

Action                   || total
-------------------------++-------
Melee: Hand axe          ||    91
 Stab: Sleeping          ||     1
  Eat: Chunk             ||    17
Armor: Animal skin       ||    42
Dodge: Dodged            ||    68
